 Dungeon Crawl Stone Soup version 0.30-a0-672-gc3a7216ad8 (webtiles) character file.

Game seed: 17120486082009375554

368 tsouns the Sneak (level 6, 0/28 HPs)
             Began as a Spriggan Enchanter on Jan 18, 2023.
             Shot with an arrow by a centaur (14 damage)
             ... on level 5 of the Dungeon.
             The game lasted 00:08:14 (3483 turns).

tsouns the Sneak (Spriggan Enchanter)               Turns: 3483, Time: 00:08:15

Health: 0/28       AC:  2    Str:  4    XL:     6   Next: 41%
Magic:  3/11       EV: 17    Int: 19    God:
Gold:   126        SH:  0    Dex: 15    Spells: 2/10 levels left

rFire   . . .      SeeInvis +    p - +3 dagger (elec)
rCold   . . .      Faith    .    (no shield)
rNeg    . . .      Spirit   .    b - +0 robe
rPois   +          Reflect  .    (helmet restricted)
rElec   .          Harm     .    (no cloak)
rCorr   .          Rampage  .    (gloves unavailable)
Will    +....                    (boots unavailable)
Stlth   ++++                     (no amulet)
HPRegen 0.24/turn                k - ring of poison resistance
MPRegen 0.12/turn                (no ring)

@: very quick
A: very small, no large weapons, unfitting armour, see invisible, speed 3
a: no special abilities


You were on level 5 of the Dungeon.
You visited 1 branch of the dungeon, and saw 5 of its levels.

You collected 139 gold pieces.
You spent 13 gold pieces at shops.

Inventory:

Hand Weapons
 a - a +1 heavy dagger
 p - a +3 dagger of electrocution (weapon)
Missiles
 m - a throwing net (quivered)
Armour
 b - a +0 robe (worn)
Jewellery
 k - a ring of poison resistance (left hand)
 o - a ring of fire
Wands
 n - a wand of mindburst (15)
Scrolls
 i - 5 scrolls of teleportation
Potions
 c - 2 potions of invisibility
 d - a potion of might {unknown}
 e - 6 potions of curing
 g - a potion of brilliance
 j - 2 potions of lignification
 q - a potion of resistance
 r - a potion of mutation


   Skills:
 + Level 4.1 Short Blades
 - Level 2.6 Dodging
 + Level 7.4 Stealth
 + Level 2.8 Spellcasting
 + Level 5.8 Hexes


You had 2 spell levels left.
You knew the following spells:

 Your Spells              Type           Power      Damage    Failure   Level
a - Ensorcelled Hibernat  Hex/Ice        26%        N/A       7%          2
b - Confusing Touch       Hex            25%        N/A       4%          3
c - Tukima's Dance        Hex            25%        N/A       4%          3

Your spell library contained the following spells:

 Spells                   Type           Power      Damage    Failure   Level
 Shock                    Conj/Air       8%         1d3       16%         1
 Blink                    Tloc           4%         N/A       24%         2
 Dazzling Flash           Conj/Hex       26%        N/A       14%         3
 Swiftness                Air            2%         N/A       43%         3
 Vhi's Electric Charge    Tloc/Air       4%         N/A       43%         3
 Airstrike                Air            1%         2d(1-17)  83%         4
 Manifold Assault         Tloc           2%         N/A       83%         4
 Arcjolt                  Conj/Air       1%         1d11      99%         5
 Storm Form               Tmut/Air       1%         N/A       100%        7
 Maxwell's Capacitive Co  Air            1%         ∞         100%        8


Dungeon Overview and Level Annotations

Branches:
Dungeon (5/15)
 Temple: D:4-7

Altars:
Makhleb
Yredelemnul

Shops:
D:1 !


Innate Abilities, Weirdness & Mutations

You are very small and have problems with some larger weapons.
You are too small for most types of armour.
You have supernaturally acute eyesight. (SInv)
You cover ground extremely quickly. (Speed+++)


Message History

The centaur wields a +0 shortbow.
The centaur shoots an arrow.
The arrow hits you! The hound completely misses you.
The adder closely misses you.
The centaur shoots an arrow.
The arrow hits you.
There is an escape hatch in the floor here.
Casting: Ensorcelled Hibernation (safe; 8% risk of failure)
Confirm with . or Enter, or press ? or * to list all spells.
Aiming: Ensorcelled Hibernation (safe; 8% risk of failure)
Press: ? - help, Shift-Dir - straight line, f - hound
Aim: a hound (chance to affect: 55%)
The hound looks drowsy...
The helpless hound fails to defend itself.
You spit the hound like a pig!!!
You kill the hound!
The centaur shoots an arrow.
The arrow closely misses you.
Casting: Ensorcelled Hibernation (safe; 7% risk of failure)
Confirm with . or Enter, or press ? or * to list all spells.
Aiming: Ensorcelled Hibernation (safe; 7% risk of failure)
Press: ? - help, Shift-Dir - straight line, f - adder
Aim: an adder (chance to affect: 55%)
The adder resists with significant effort.
The adder bites you but does no damage. The adder bites you.
Casting: Ensorcelled Hibernation (safe; 7% risk of failure)
Confirm with . or Enter, or press ? or * to list all spells.
Aiming: Ensorcelled Hibernation (safe; 7% risk of failure)
Press: ? - help, Shift-Dir - straight line, f/p - adder
Aim: an adder (chance to affect: 55%)
The adder resists with significant effort.
The adder misses you.
Casting: Ensorcelled Hibernation (safe; 7% risk of failure)
Confirm with . or Enter, or press ? or * to list all spells.
Aiming: Ensorcelled Hibernation (safe; 7% risk of failure)
Press: ? - help, Shift-Dir - straight line, f/p - adder
Aim: an adder (chance to affect: 55%)
The adder looks drowsy...
The helpless adder fails to defend itself.
You perforate the adder like a sieve!!!
You kill the adder!
The centaur shoots an arrow.
The arrow hits you!
Ouch! That really hurt!
You die...

#........##########.#
#............<......#
#........#####.######
#.....#.## #.#
#######.# #.#
######### #.# #.#
#....... ..# #.#
#......###### #.#
#.....c>@..## #.#
#......##...######.#
........#...........#
#####[####...########
#$ ##.## #. ### #


You could see a centaur.

Vanquished Creatures
  A water moccasin (D:5)
  An ogre (D:4)
  A hound (D:5)
  A jelly (D:5)
  Robin (D:3)
  4 adders
  2 orcs
  3 ball pythons
  4 bats
  4 endoplasms
  6 giant cockroaches
  21 goblins
  7 hobgoblins
  4 quokkas
  2 frilled lizards (D:3)
  10 kobolds
  6 rats
  A spectral orc (D:4)
79 creatures vanquished.

Notes
Turn   | Place    | Note
-------+----------+-------------------------------------------
     0 | D:1      | tsouns the Spriggan Enchanter began the quest for the Orb.
     0 | D:1      | Reached XP level 1. HP: 9/9 MP: 5/5
     1 | D:1      | Found Cickoc's Distillery.
    26 | D:1      | Bought a potion of degeneration for 13 gold pieces
   478 | D:1      | Reached XP level 2. HP: 13/13 MP: 6/6
   547 | D:1      | Found a faded altar of an unknown god.
   765 | D:1      | Learned a level 2 spell: Ensorcelled Hibernation
   979 | D:2      | Reached skill level 5 in Stealth
   979 | D:2      | Reached XP level 3. HP: 16/16 MP: 2/8
   984 | D:2      | Learned a level 3 spell: Confusing Touch
  1683 | D:3      | Identified the +0 helmet of Sovecuph {Dex+3}
  1683 | D:3      | Noticed Robin
  1697 | D:3      | Killed Robin
  1878 | D:3      | Reached XP level 4. HP: 21/21 MP: 9/9
  1986 | D:3      | Learned a level 3 spell: Tukima's Dance
  2236 | D:3      | Found a burning altar of Makhleb.
  2236 | D:3      | Noticed a blizzard demon
  2240 | D:3      | Noticed a hellwing
  2240 | D:3      | Noticed a ynoxinul
  2488 | D:4      | Reached skill level 6 in Stealth
  2747 | D:4      | Found a basalt altar of Yredelemnul.
  2929 | D:4      | Noticed an ogre
  2936 | D:4      | Killed an ogre
  2937 | D:4      | Reached skill level 5 in Hexes
  2937 | D:4      | Reached XP level 5. HP: 24/24 MP: 3/10
  3144 | D:5      | Entered Level 5 of the Dungeon
  3309 | D:5      | Noticed a water moccasin
  3356 | D:5      | Killed a water moccasin
  3357 | D:5      | Reached skill level 7 in Stealth
  3357 | D:5      | Reached XP level 6. HP: 23/28 MP: 0/11
  3483 | D:5      | Shot with an arrow by a centaur

Illustrated notes

Levels and vault maps discovered:
D:1:      lightli_arrival_maybe_door_vault, layout_loops_corners,
          dreamdust_ecumenical_altar_angels_and_demons, serial_shops, shop
D:2:      kennysheep_the_goblin_king, layout_basic
D:3:      layout_loops_ring, makhleb_altar_promises_db, uniq_robin
D:4:      layout_loops_ring, yredelemnul_forgotten_temple_becter
D:5:      cheibrodos_helix_gallery, layout_loops_ring,
          amethyst_overflow_temple_binary

Skill      XL: |  1  2  3  4  5 |
---------------+----------------+-----
Hexes          | 4 5 |  5.8
Short Blades   | 2 3 4 |  4.1
Stealth        | 5 6 7 |  7.4
Dodging        | |  2.6
Spellcasting   | |  2.8

Action                   |  1- 3 |  4- 6 || total
-------------------------+-------+-------++-------
Melee: Dagger            |   103 |    72 ||   175
 Cast: Ensorcelled Hiber |     6 |    14 ||    20
  Use: Scroll            |       |     8 ||     8
 Stab: Sleeping          |    13 |    17 ||    30
       Distracted        |       |     1 ||     1
Armor: Robe              |    10 |     5 ||    15
Dodge: Dodged            |    71 |    44 ||   115

Table legend: (Time is in decaauts)
 A = Elapsed time spent in this place.
 B = Non-inter-level travel time spent in this place.
 C = Inter-level travel time spent in this place.
 D = Time resting spent in this place.
 E = Time spent auto-exploring this place.
 F = Levels seen in this place.
 G = Mean time per level.
                   A        B        C        D        E       F      G
               +--------+--------+--------+--------+--------+-----+--------+
         Total |   2353 |   2238 |    115 |      0 |   1695 |   5 |  470.6 |
       Dungeon |   2353 |   2238 |    115 |      0 |   1695 |   5 |  470.6 |
               +--------+--------+--------+--------+--------+-----+--------+

Top non-repeatable levels by time:
     D:3: 624 daAuts
     D:1: 520 daAuts
     D:4: 510 daAuts
     D:2: 479 daAuts
     D:5: 219 daAuts
